 Dungeon Crawl Stone Soup version 0.29.1-13-g9f3cf754e1 (webtiles) character file.

Game seed: 9702847344347849268

4 concernfroge the Scratcher (level 1, 0/9 HPs)
             Began as a Felid Transmuter on Jan 29, 2023.
             Slain by a jackal (2 damage)
             ... on level 1 of the Dungeon.
             The game lasted 00:01:45 (113 turns).

concernfroge the Scratcher (Felid Transmuter)        Turns: 113, Time: 00:01:46

Health: 0/9        AC:  1    Str:  6    XL:     1   Next: 58%
Magic:  4/4        EV: 17    Int: 14    God:
Gold:   0          SH:  0    Dex: 16    Spells: 3/4 levels left
                                        Lives:  0   Deaths: 0

rFire   . . .      SeeInvis +     - Unarmed
rCold   . . .      Faith    .   (shield unavailable)
rNeg    . . .      Spirit   .   (body armour unavailable)
rPois   .          Reflect  .   (helmet unavailable)
rElec   .          Harm     .   (cloak unavailable)
rCorr   .          Rampage  .   (gloves unavailable)
Will    .....                   (boots unavailable)
Stlth   ++........              (no amulet)
HPRegen 0.03/turn               (no ring)
MPRegen 0.09/turn               (no ring)

@: quick
A: very small, claws 1, fangs 3, see invisible, speed 1, shaggy fur 1, stealthy
paws, no weapons or thrown items, no armour, multi-lived
a: no special abilities


You were on level 1 of the Dungeon.
You visited 1 branch of the dungeon, and saw 1 of its levels.

You aren't carrying anything.


   Skills:
 - Level 1.0 Fighting
 + Level 2.8 Dodging
 + Level 0.7 Stealth
 + Level 3.0 Unarmed Combat
 - Level 2.0 Spellcasting
 + Level 2.3 Transmutations


You had 3 spell levels left.
You knew the following spells:

 Your Spells              Type           Power      Damage    Failure   Level
a - Beastly Appendage     Tmut           14%        N/A       10%         1

Your spell library contained the following spells:

 Spells                   Type           Power      Damage    Failure   Level
 Wereblood                Tmut           7%         N/A       14%         2
 Spider Form              Tmut/Pois      4%         N/A       41%         3
 Ice Form                 Ice/Tmut       4%         N/A       83%         4


Dungeon Overview and Level Annotations

Branches:
Dungeon (1/15)

Altars:


Innate Abilities, Weirdness & Mutations

You have sharp claws.
You have razor-sharp teeth.
You have supernaturally acute eyesight. (SInv)
You cover ground quickly. (Speed+)
You are covered in fur. (AC +1)
Your paws help you pounce on unaware monsters.
You are incapable of wielding weapons or throwing items.
You cannot wear armour.
You gain extra lives every three experience levels.


Message History

What are your orders? t - Creak!
Orders for allies: a - Attack new target. r - Retreat! s - Stop attacking. g - Guard the area. f - Follow me.
Anything else - Cancel.
You creak for attention!
You feel less wooden.
Found 8 stones.
A ball python comes into view.
A goblin comes into view. It is wielding a +0 dagger.
A giant cockroach comes into view.
You aren't carrying any scrolls.
You aren't carrying any potions.
Found a scroll labelled UCVOMO TITE.
a - a scroll labelled UCVOMO TITE
There are no items here.
As you read the scroll labelled UCVOMO TITE, it crumbles to dust.
It is a scroll of identify.
You don't have any unidentified items.
An endoplasm comes into view.
Found a fizzy brown potion.
The endoplasm quivers.
A giant cockroach comes into view.
A giant cockroach and a jackal come into view.
The jackal barks!
You hear an angry hiss.
A jackal comes into view. x2
The jackal barks! x2; You hear an angry hiss.
You hear a shout!
The jackal closely misses you. The jackal misses you.
The jackal attacks as you move away! The jackal misses you.
The jackal bites you.
* * * LOW HITPOINT WARNING * * *
A ball python comes into view.
The jackal misses you. The jackal attacks as you move away!
The jackal bites you but does no damage.
The giant cockroach bites you but does no damage.
A goblin comes into view. It is wielding a +0 dagger.
The jackal attacks as you move away! The jackal bites you.
You die...

.#### #. #
#......... #
##.......g... #
##............##
###..............##
#.................#
..................#
#............S....#
#.............hB@.#
#..............Bh.#
##.....!.J..J..h..#
##..............##
##.....##.....##
##############


You could see 2 endoplasms, 3 jackals, 2 giant cockroaches, a goblin and a ball
python.

Vanquished Creatures
  3 jackals (D:1)
  A rat (D:1)
4 creatures vanquished.

Notes
Turn   | Place    | Note
-------+----------+-------------------------------------------
     0 | D:1      | concernfroge the Felid Transmuter began the quest for the
                  | Orb.
     0 | D:1      | Reached XP level 1. HP: 9/9 MP: 4/4
   113 | D:1      | Slain by a jackal

Illustrated notes

Levels and vault maps discovered:
D:1:      dpeg_arrival_tiny_c, layout_rooms, minmay_quantized

Action                   || total
-------------------------++-------
Melee: Unarmed           ||    11
 Cast: Beastly Appendage ||     1
  Use: Scroll            ||     1
       Potion            ||     1
Armor: Skin              ||    11
Dodge: Dodged            ||     4
